[Event "ICCopen2017"]
[Site "Internet Chess Club"]
[Date "2017.03.25"]
[Round "11"]
[White "shally"]
[Black "Aladdin"]
[Result "0-1"]
[ICCResult "White resigns"]
[WhiteElo "1917"]
[BlackElo "2275"]
[Opening "Nimzovich-Larsen attack: Indian variation"]
[ECO "A01"]
[NIC "VO.08"]
[Time "16:11:29"]
[TimeControl "180+0"]

1. b3 Nf6 2. Bb2 g6 3. e4 Bg7 4. e5 Ng8 5. d4 d6 6. f4 b6 7. Nf3 Bb7 8. Nbd2
Nh6 9. Bd3 Nd7 10. O-O c5 11. c3 cxd4 12. cxd4 O-O 13. Qe2 dxe5 14. fxe5 e6
15. Ne4 Nf5 16. Ba3 Ne7 17. Nd6 Bd5 18. Ng5 f6 19. exf6 Rxf6 20. Nge4 Rxf1+
21. Rxf1 Nf5 22. Nxf5 exf5 23. Bc4 Nf6 24. Ng5 Bxc4 25. Qxc4+ Qd5 26. Ne6
Bh8 27. Re1 Re8 28. Nc7 Rxe1+ 29. Kf2 Qxc4 30. bxc4 Ra1 31. Be7 Rxa2+ 32.
Kf3 Ne4 33. d5 Be5 34. Ne6 Rc2 35. g4 Rc3+ 36. Ke2 fxg4 37. d6 Bxd6 38. Bxd6
Nxd6 39. c5 bxc5 40. Nf4 Ne4 41. Nd5 a5 42. Nxc3 Nxc3+ 43. Kd3 Na4 44. Kc4
h5 45. Kb5 h4 46. Kxa4 g3 47. hxg3 h3 48. Kxa5 h2 49. Kb5 h1=Q 50. Kc4 Qf3
51. Kxc5 Qxg3 52. Kd5 Qf3+ 53. Kd4 g5 54. Ke5 g4 55. Ke6 g3 56. Ke5 g2 57.
Kd4 g1=Q+ {White resigns} 0-1

[Event "ICCopen2017"]
[Site "Internet Chess Club"]
[Date "2017.03.25"]
[Round "11"]
[White "Mormegil"]
[Black "centralsquare"]
[Result "1-0"]
[ICCResult "Black checkmated"]
[WhiteElo "1741"]
[BlackElo "1476"]
[Opening "Réti: advance variation"]
[ECO "A09"]
[NIC "RE.17"]
[Time "16:10:42"]
[TimeControl "180+0"]

1. Nf3 d5 2. c4 d4 3. b4 e6 4. Bb2 c5 5. bxc5 Bxc5 6. d3 Nc6 7. g3 e5 8. Bg2
Nge7 9. Nbd2 Ng6 10. Nb3 b6 11. O-O O-O 12. Nxc5 bxc5 13. Nd2 Bd7 14. Ne4
Rb8 15. Ba3 Re8 16. Nxc5 Bc8 17. Bxc6 Qc7 18. Bg2 a5 19. Ne4 Bb7 20. Bd6 Qc6
21. Bxb8 f5 22. Ba7 fxe4 23. Bxe4 Qa6 24. Bxb7 Qxb7 25. Bc5 Qc6 26. Ba3 Ne7
27. Rb1 Nf5 28. Qb3 Qg6 29. Qb5 h5 30. Qd5+ Kh7 31. Rb7 h4 32. Qg2 Kg8 33.
gxh4 Qh5 34. Qg5 Qxg5+ 35. hxg5 e4 36. dxe4 Rxe4 37. Re1 g6 38. f3 Rh4 39.
Bc1 Rh5 40. Rb5 Rh7 41. Rxa5 Re7 42. Rxf5 gxf5 43. a4 d3 44. Kf2 dxe2 45.
Rxe2 Ra7 46. Ra2 Ra5 47. Bd2 Rc5 48. a5 Rxc4 49. a6 Rc8 50. a7 Ra8 51. Be3
Kf7 52. Rb2 Kg6 53. Rb8 Rxa7 54. Bxa7 Kxg5 55. f4+ Kxf4 56. Be3+ Ke4 57.
Rb4+ Kd5 58. Rd4+ Ke5 59. Kf3 Ke6 60. Kf4 Kf6 61. Rd6+ Ke7 62. Ke5 f4 63.
Bxf4 Kf7 64. Re6 Kg7 65. Rf6 Kh7 66. Kf5 Kg7 67. Kg5 Kh7 68. Rg6 Kh8 69. Kf6
Kh7 70. Be3 Kh8 71. Rg4 Kh7 72. Kf7 Kh8 73. Rh4# {Black checkmated} 1-0

[Event "ICCopen2017"]
[Site "Internet Chess Club"]
[Date "2017.03.25"]
[Round "11"]
[White "nikenwidiartto"]
[Black "DementedMonkey"]
[Result "1-0"]
[ICCResult "Black checkmated"]
[WhiteElo "1850"]
[BlackElo "2184"]
[Opening "French: Two knights variation"]
[ECO "C00"]
[NIC "FR.01"]
[Time "16:10:24"]
[TimeControl "180+0"]

1. e4 e6 2. Nc3 d5 3. Nf3 dxe4 4. Nxe4 Be7 5. d4 Nf6 6. Bd3 O-O 7. O-O b6 8.
Be3 Bb7 9. Nxf6+ Bxf6 10. c3 Nd7 11. Qe2 c5 12. dxc5 Nxc5 13. Bxc5 bxc5 14.
Rad1 Qb6 15. Ne5 Rad8 16. Ng4 Be7 17. b3 Rd6 18. c4 Rfd8 19. Bc2 Qc6 20. f3
Bg5 21. Rxd6 Rxd6 22. Rd1 Qd7 23. Rxd6 Qxd6 24. Qd3 Qd4+ 25. Kf1 Qa1+ 26.
Ke2 f5 27. Nf2 Qxa2 28. Nh3 Bf6 29. Nf4 Qa6 30. Qd7 Qc6 31. Qxc6 Bxc6 32.
Nxe6 Be5 33. h3 Bd6 34. Bxf5 Kf7 35. Nd8+ Kf6 36. Nxc6 Kxf5 37. Nxa7 Kf4 38.
Nb5 Bb8 39. Kf2 g5 40. Nc3 Ke5 41. Ne4 Kd4 42. Ke2 Bf4 43. g3 Be5 44. Nxg5
Bxg3 45. Ne6+ Kc3 46. Nxc5 Kb4 47. Nd3+ Kxb3 48. c5 Kc4 49. c6 Kd5 50. Nb4+
Kc5 51. Nd3+ Kxc6 52. Ke3 Kd5 53. Nf4+ Ke5 54. Ne2 Be1 55. f4+ Kf6 56. Ke4
Ba5 57. Nd4 Bd8 58. Nc6 Kf7 59. Nxd8+ Ke8 60. Nc6 Kf8 61. Kf5 Kg8 62. Kf6
Kh8 63. Ne5 Kg8 64. Ng4 Kh8 65. Ke7 Kg8 66. Nf6+ Kh8 67. Nxh7 Kg7 68. f5 Kh6
69. f6 Kxh7 70. f7 Kg6 71. f8=Q Kh5 72. h4 Kg6 73. Qf4 Kh5 74. Qg5#
{Black checkmated}
1-0

[Event "ICCopen2017"]
[Site "Internet Chess Club"]
[Date "2017.03.25"]
[Round "11"]
[White "krankenstein"]
[Black "jjn"]
[Result "0-1"]
[ICCResult "White resigns"]
[WhiteElo "1258"]
[BlackElo "1708"]
[Opening "Queen's pawn"]
[ECO "A40"]
[NIC "QO.17"]
[Time "16:12:31"]
[TimeControl "180+0"]

1. d4 e6 2. a3 d5 3. Nf3 Nf6 4. h3 Be7 5. Nc3 O-O 6. Bf4 Nbd7 7. e3 c5 8. b3
cxd4 9. exd4 Qa5 10. b4 Qb6 11. Be2 Re8 12. O-O Nf8 13. Na4 Qd8 14. c4 dxc4
15. Bxc4 a6 16. b5 axb5 17. Bxb5 Bd7 18. Bxd7 N6xd7 19. Nc5 Nxc5 20. dxc5
Qxd1 21. Rfxd1 Bxc5 22. Ne5 Rxa3 23. Rxa3 Bxa3 24. Nd7 Nxd7 25. Rxd7 b5 26.
Rb7 b4 27. g4 h6 28. f3 Rc8 29. Kf2 g5 30. Be5 Rd8 31. Ke3 Bc1+ 32. Ke4 Bd2
33. Bf6 Rc8 34. Ke5 Bc3+ 35. Kd6 Bxf6 36. Kd7 Rd8+ 37. Kc6 Rd3 38. Rxb4 Rxf3
39. Rb8+ Kg7 {White resigns} 0-1

[Event "ICCopen2017"]
[Site "Internet Chess Club"]
[Date "2017.03.25"]
[Round "11"]
[White "topotun"]
[Black "M-Ezat"]
[Result "1-0"]
[ICCResult "Black forfeits on time"]
[WhiteElo "2847"]
[BlackElo "2233"]
[Opening "Caro-Kann: Steinitz variation"]
[ECO "B17"]
[NIC "CK.02"]
[Time "16:11:14"]
[TimeControl "180+0"]

1. e4 c6 2. d4 d5 3. Nd2 dxe4 4. Nxe4 Nd7 5. Ng5 Ngf6 6. Bc4 e6 7. Qe2 Nb6
8. Bd3 h6 9. N5f3 c5 10. Be3 a6 11. O-O-O c4 12. Bxc4 Nxc4 13. Qxc4 b5 14.
Qe2 Nd5 15. Ne5 Bb7 16. Ngf3 Rc8 17. Kb1 Qa5 18. Bd2 b4 19. Rhe1 Nc3+ 20.
Bxc3 bxc3 21. b3 Qa3 22. Nd3 Bd5 23. Qe3 Bd6 24. Qc1 Qa5 25. Nfe5 O-O 26. g4
Ba3 27. Qe3 Bb2 28. Nc5 Qa3 29. Rg1 Ba1 30. Ned3 e5 31. Kxa1 e4 32. Qc1 Qa5
33. Nf4 Ba8 34. g5 h5 35. g6 f5 36. Nxh5 Qd8 37. Nf4 Qh4 38. Rg3 Rfd8 39.
Rh3 {Black forfeits on time} 1-0

[Event "ICCopen2017"]
[Site "Internet Chess Club"]
[Date "2017.03.25"]
[Round "10"]
[White "tigerr"]
[Black "RnZ"]
[Result "0-1"]
[ICCResult "White resigns"]
[WhiteElo "1925"]
[BlackElo "2041"]
[Opening "Sicilian: dragon, 6.Be3"]
[ECO "B72"]
[NIC "SI.16"]
[Time "15:58:57"]
[TimeControl "180+0"]

1. e4 c5 2. Nf3 d6 3. d4 cxd4 4. Nxd4 Nf6 5. Nc3 g6 6. Be3 Bg7 7. Qd2 O-O 8.
O-O-O Ng4 9. Bc4 Nxe3 10. Qxe3 Nc6 11. Nb3 Ne5 12. Be2 Ng4 13. Qg3 Bxc3 14.
Bxg4 Bg7 15. h4 Qb6 16. f4 Bxg4 17. Qxg4 a5 18. a4 Rfc8 19. Kb1 Qb4 20. h5
Qxe4 21. Rd3 Qxa4 22. hxg6 hxg6 23. Re1 Qc4 24. Re2 a4 25. Nc1 a3 26. b3 a2+
27. Nxa2 Rxa2 28. Qxc8+ Qxc8 29. Kxa2 Qa8+ {White resigns} 0-1

[Event "ICCopen2017"]
[Site "Internet Chess Club"]
[Date "2017.03.25"]
[Round "11"]
[White "RenehLoos"]
[Black "ivancele"]
[Result "1-0"]
[ICCResult "Black forfeits on time"]
[WhiteElo "1862"]
[BlackElo "1390"]
[Opening "Nimzovich-Larsen attack"]
[ECO "A01"]
[NIC "VO.08"]
[Time "16:13:51"]
[TimeControl "180+0"]

1. b3 d6 2. Bb2 c6 3. e3 Nf6 4. f4 g6 5. Nf3 Bg7 6. Be2 Qc7 7. O-O Nbd7 8.
Qe1 e5 9. d3 exf4 10. e4 Ne5 11. Nbd2 Bg4 12. Qh4 Bxf3 13. Bxf3 Nfd7 14. d4
Nxf3+ 15. Nxf3 c5 16. Qxf4 O-O 17. c3 cxd4 18. cxd4 Qb6 19. Kh1 Rac8 20.
Rac1 Rxc1 21. Rxc1 Nf6 22. e5 dxe5 23. Nxe5 Nh5 24. Qf3 Qd6 25. Rf1 f6 26.
Nc4 Qc6 27. d5 Qc5 28. Ba3 Qc8 29. Bxf8 Qxf8 30. d6 Qf7 31. Rd1 Qd7 32. Re1
Bf8 33. Qd5+ Kg7 34. Qe6 Qc6 35. Qe4 Qd7 36. Qe8 Qg4 37. Qe2 Qd7 38. Qe3 Qc6
39. Qf3 {Black forfeits on time} 1-0

[Event "ICCopen2017"]
[Site "Internet Chess Club"]
[Date "2017.03.25"]
[Round "11"]
[White "egya"]
[Black "Colombiano07"]
[Result "1-0"]
[ICCResult "Black checkmated"]
[WhiteElo "1813"]
[BlackElo "1918"]
[Opening "Nimzovich-Larsen attack: classical variation"]
[ECO "A01"]
[NIC "VO.08"]
[Time "16:13:54"]
[TimeControl "180+0"]

1. b3 d5 2. Bb2 Bf5 3. d3 e6 4. Nd2 Nf6 5. f3 h6 6. e4 Bh7 7. Qe2 Be7 8.
O-O-O a5 9. g4 a4 10. h4 axb3 11. axb3 Ba3 12. Nb1 Qd6 13. Nxa3 Rxa3 14.
Bxa3 Qxa3+ 15. Kd2 dxe4 16. fxe4 Nc6 17. Nf3 Nxg4 18. Bh3 Qa5+ 19. c3 Nge5
20. Ra1 Nxf3+ 21. Qxf3 Qb6 22. Ra8+ Nd8 23. b4 O-O 24. Rf1 Qd6 25. d4 b6 26.
Qf4 Qd7 27. d5 c6 28. c4 cxd5 29. exd5 b5 30. Kc3 bxc4 31. Qxc4 Qd6 32. dxe6
Qg3+ 33. Kb2 Qxh3 34. e7 Qh2+ 35. Kb3 Qg3+ 36. Ka4 Qd6 37. exf8=Q+ Qxf8 38.
Rxd8 Qxd8 39. Qxf7+ Kh8 40. Qf8+ Qxf8 41. Rxf8+ Bg8 42. b5 Kh7 43. Rxg8 Kxg8
44. b6 g6 45. b7 Kf7 46. b8=Q Kf6 47. Qf4+ Ke6 48. Qxh6 Kf5 49. h5 Ke5 50.
Qxg6 Kf4 51. h6 Ke3 52. h7 Kd4 53. h8=Q+ Kd5 54. Qhe8 Kc5 55. Qgf7 Kd6 56.
Qee6+ Kc5 57. Qff5+ Kd4 58. Qee4+ Kc3 59. Qff3+ Kd2 60. Qee2+ Kc1 61. Qff1#
{Black checkmated}
1-0

[Event "ICCopen2017"]
[Site "Internet Chess Club"]
[Date "2017.03.25"]
[Round "11"]
[White "AAlekin28"]
[Black "Sophiste"]
[Result "1-0"]
[ICCResult "Black resigns"]
[WhiteElo "2645"]
[BlackElo "3174"]
[Opening "Pirc: classical system, 5.Be2"]
[ECO "B06"]
[NIC "PU.03"]
[Time "16:10:21"]
[TimeControl "180+0"]

1. e4 g6 2. Nf3 Bg7 3. d4 d6 4. Nc3 Nf6 5. Be2 O-O 6. O-O a6 7. h3 b5 8. a3
Bb7 9. e5 Nd5 10. Nxd5 Bxd5 11. a4 b4 12. Bf4 Nc6 13. Re1 Na5 14. Qd2 Rb8
15. b3 c5 16. dxc5 dxc5 17. Rad1 e6 18. Bxa6 Qb6 19. Bb5 Bxf3 20. gxf3 Nc6
21. Bxc6 Qxc6 22. Kg2 c4 23. Re4 c3 24. Qd3 Qb6 25. Bg5 h6 26. Be7 Rfe8 27.
Rxb4 Qa5 28. Rxb8 Rxb8 29. Bd6 Rc8 30. Qb5 Qa8 31. Rd4 Rd8 32. b4 Bf8 33. a5
f6 34. Qc4 Kf7 35. Qc7+ Kg8 36. Bxf8 Rxf8 37. Rd7 {Black resigns} 1-0